 Dungeon Crawl Stone Soup version 0.19-a0-1091-g463c9de (webtiles) character file.

195 FrancescoMac the Insei (level 5, 0/35 HPs)
             Began as an Octopode Transmuter on Aug 7, 2016.
             Killed from afar by an ooze (31 damage)
             ... with an exploding inner flame
             ... hexed by the player character
             ... on level 3 of the Dungeon.
             The game lasted 00:08:33 (3013 turns).

FrancescoMac the Insei (Octopode Transmuter)        Turns: 3013, Time: 00:08:33

Health: 0/35       AC:  1    Str:  8    XL:     5   Next: 74%
Magic:  9/9        EV: 14    Int: 16    God:
Gold:   188        SH:  0    Dex: 12    Spells: 2 memorised, 5 levels left

rFire  . . .     SeeInvis .       - Unarmed
rCold  . . .     Gourm    .     (no shield)
rNeg   . . .     Faith    .     (helmet restricted)
rPois  .         Spirit   .     (no amulet)
rElec  .         Dismiss  .     j - -2 ring of strength (curse)
rCorr  .         Reflect  .     (no ring)
SustAt .         Harm     .     (no ring)
MR     .....                    (no ring)
Stlth  ++........               (no ring)
                                (no ring)
                                (no ring)
                                (no ring)

@:
A: almost no armour, amphibious, 8 rings, constrict 8, camouflage 1, gelatinous
body 1
a: no special abilities


You were on level 3 of the Dungeon.
You were not hungry.

You visited 1 branch of the dungeon, and saw 3 of its levels.

You collected 188 gold pieces.

Inventory:

Missiles
 a - 79 arrows
Jewellery
 j - a cursed -2 ring of strength (left tentacle)
Scrolls
 e - 2 scrolls of immolation
 f - 2 scrolls of identify
 k - a scroll of teleportation
 l - 2 scrolls of fog
Potions
 d - a potion of flight
 g - 3 potions of lignification
 i - 3 potions of curing
 n - a potion of might
 p - a potion of brilliance
Books
 b - a book of Changes

   Spells                             Type                      Level
   a - Beastly Appendage              Transmutation                1
   b - Sticks to Snakes               Transmutation                2
   c - Spider Form                    Transmutation/Poison         3
   d - Ice Form                       Ice/Transmutation            4
   e - Blade Hands                    Transmutation                5
Comestibles
 c - 3 bread rations
 h - a meat ration


   Skills:
 + Level 2.7 Fighting
 + Level 3.1 Dodging
 + Level 3.8 Unarmed Combat
 + Level 2.8 Spellcasting
 + Level 2.9 Transmutations


You had 5 spell levels left.
You knew the following spells:

 Your Spells              Type           Power        Failure   Level  Hunger
a - Beastly Appendage     Tmut           ##....       8%          1    #......
b - Spider Form           Tmut/Pois      #.........   34%         3    ###....


Dungeon Overview and Level Annotations

Branches:
Dungeon (3/15)

Altars:
Makhleb
Pakellas
Ru
Uskayaw


Innate Abilities, Weirdness & Mutations

You cannot wear most types of armour.
You are amphibious.
You can wear up to eight rings at the same time.
You can use your tentacles to constrict eight enemies at once.
Your skin changes colour to match your surroundings (Stealth+).
Your rubbery body absorbs attacks. (AC +1, EV +1)


Message History

You tentacle-slap the ooze.
The ooze is lightly wounded.
The ooze misses you.
You tentacle-slap the ooze.
The ooze is heavily wounded.
The ooze hits you.
You tentacle-slap the ooze but do no damage.
The ooze is heavily wounded.
The ooze misses you.
You tentacle-slap the ooze but do no damage.
The ooze is heavily wounded.
The ooze barely misses you.
You tentacle-slap the ooze. You squeeze the ooze, but do no damage.
The ooze is almost dead.
The ooze barely misses you.
You tentacle-slap the ooze.
The ooze explodes!
The fiery explosion engulfs you!
Ouch! That really hurt!
You die...

######.#.....
.........####
.#####....... ##...###
##....... ##.......#
#...(.....
#################.#
#.....[...
#.%...[......@ยงยง..#
#.........
####.####.....########
##.......#
..........%...#
##.....##
#.#######.....#
##...## #.# ##........
##.## #.# #########
#.# #.#### #.# #.#
#..... #.# #.# #.####
#.# #.# #.#


There were no monsters in sight!

Vanquished Creatures
  Natasha (twice) (D:2)
  An orc wizard (D:3)
  A gnoll (D:1)
  3 adders
  A worm (D:3)
  4 dart slugs
  A giant gecko (D:3)
  6 orcs
  4 giant cockroaches (D:1)
  8 goblins
  3 hobgoblins
  4 jackals (D:2)
  A ball python (D:2)
  7 bats
  3 giant newts
  8 kobolds
  11 rats
68 creatures vanquished.

Notes
Turn   | Place    | Note
-------+----------+-------------------------------------------
     0 | D:1      | FrancescoMac the Octopode Transmuter began the quest for the Orb.
     0 | D:1      | Reached XP level 1. HP: 13/13 MP: 3/3
    82 | D:1      | Reached XP level 2. HP: 15/18 MP: 5/5
   814 | D:1      | Reached XP level 3. HP: 23/23 MP: 4/6
   822 | D:1      | Learned a level 3 spell: Spider Form
  1345 | D:2      | Found a sacrificial altar of Ru.
  1406 | D:2      | Found a burning altar of Makhleb.
  1504 | D:2      | Found a faded altar of an unknown god.
  1590 | D:2      | Found an oddly glowing altar of Pakellas.
  1598 | D:2      | Reached XP level 4. HP: 25/29 MP: 5/7
  2088 | D:2      | Noticed Natasha
  2097 | D:2      | Killed Natasha
  2323 | D:2      | Found a hide-covered altar of Uskayaw.
  2515 | D:2      | Noticed Natasha
  2516 | D:2      | Reached XP level 5. HP: 31/34 MP: 6/8
  2520 | D:2      | Killed Natasha
  3013 | D:3      | Killed from afar by an ooze

Vault maps used:
D:1:      onia_arrival_larder
D:2:      old_standard_altar, lemuel_round_altar, nicolae_ru_path_of_blood,
          nicolae_overflow_crystal_walls, nicolae_overflow_hidden_temple,
          ecumenical_altar_2, uniq_natasha

Skill      XL: |  1  2  3  4 |
---------------+-------------+-----
Fighting       | 2 |  2.7
Dodging        | 3 |  3.1
Unarmed Combat | |  3.8
Spellcasting   | |  2.8
Transmutations | |  2.9

Action                   |  1- 3 |  4- 6 || total
-------------------------+-------+-------++-------
Melee: Unarmed           |    81 |    88 ||   169
       Constrict         |    27 |    12 ||    39
       Kick              |    19 |    11 ||    30
       Tentacles         |    11 |    11 ||    22
       Punch             |     2 |       ||     2
 Cast: Beastly Appendage |    23 |    12 ||    35
       Spider Form       |       |     3 ||     3
  Use: Scroll            |       |     9 ||     9
       Potion            |       |     1 ||     1
 Stab: Sleeping          |     8 |     3 ||    11
  Eat: Chunk             |     2 |     3 ||     5
       Meat ration       |       |     1 ||     1
Armor: Skin              |     6 |     7 ||    13
Dodge: Dodged            |    43 |    74 ||   117
